 Dungeon Crawl Stone Soup version 0.27.1-35-g4d5d836560 (console) character file.

Game seed: 3677010743078079222

16508 grimtooth the Grappler (level 12, -11/178 HPs)
             Began as a Troll Arcane Marksman on Apr 22, 2022.
             Was a High Priest of Okawaru.
             Mangled by a death yak simulacrum (16 damage)
             ... in an ice cave.
             The game lasted 01:18:19 (13880 turns).

grimtooth the Grappler (Troll Arcane Marksman)     Turns: 13880, Time: 01:18:19

Health: -11/178    AC: 10    Str: 21    XL:     12   Next: 10%
Magic:  11/15      EV: 13    Int: 13    God:    Okawaru [*****.]
Gold:   920        SH:  0    Dex: 16    Spells: 7/13 levels left

rFire    . . .     SeeInvis .   b - +5 hunting sling
rCold    . . .     Faith    .   (no shield)
rNeg     . . .     Spirit   .   z - +1 robe {Will+}
rPois    .         Reflect  .   (helmet restricted)
rElec    .         Harm     .   L - +0 cloak
rCorr    .         Rampage  .   (gloves unavailable)
Will     +....                  (boots unavailable)
Stlth    ..........             (no amulet)
HPRegen  1.39/turn              D - +6 ring of dexterity
MPRegen  0.14/turn              w - +4 ring of protection

@: berserking, heroic, very quick
A: large, unfitting armour, claws 3, regeneration 1, shaggy fur 1, tough skin 1
a: Renounce Religion, Heroism, Finesse


You were in an ice cave.
You worshipped Okawaru.
Okawaru was extremely pleased with you.
You visited 3 branches of the dungeon, and saw 14 of its levels.
You also visited: Sewer, Ossuary, Bailey and Ice Cave.

You collected 920 gold pieces.

Inventory:

Hand Weapons
 b - a +5 hunting sling (weapon)
Missiles
 c - 6 throwing nets {=f}
 g - 81 stones
 h - 25 poisoned darts
 q - 8 large rocks
 t - 64 sling bullets (quivered ammo)
 C - 65 boomerangs
 K - a curare-tipped dart
Armour
 z - a +1 robe of willpower (worn)
 H - a +0 kite shield
 L - a +0 cloak (worn)
Jewellery
 o - a ring of flight
 w - a +4 ring of protection (right claw)
 D - a +6 ring of dexterity (left claw)
Wands
 E - a wand of flame (9)
 P - a wand of paralysis (5)
Scrolls
 e - 3 scrolls of teleportation {unknown}
 f - a scroll of silence
 k - 2 scrolls of vulnerability {unknown}
 l - 2 scrolls of fear {unknown}
 m - 2 scrolls of acquirement {unknown}
 n - 2 scrolls of fog {unknown}
 s - 2 scrolls of noise {unknown}
 y - 3 scrolls of enchant armour {unknown}
 B - 2 scrolls of blinking {unknown}
 F - a scroll of immolation {unknown}
 M - 4 scrolls of magic mapping
 N - 3 scrolls of amnesia {unknown}
Potions
 d - 2 potions of berserk rage
 j - a potion of magic
 u - 6 potions of flight
 v - 6 potions of curing
 x - 2 potions of haste
 A - 4 potions of lignification
 G - 4 potions of brilliance
 I - a potion of invisibility
 J - 2 potions of might


   Skills:
 + Level 7.8(12.8) Fighting
 - Level 6.0(11.0) Throwing
 - Level 1.5(6.5) Dodging
 - Level 6.0(11.0) Shields
 + Level 10.6(15.6) Unarmed Combat
 - Level 1.0 Spellcasting
 - Level 6.0 Hexes
 - Level 6.0 Invocations


You had 7 spell levels left.
You knew the following spells:

 Your Spells              Type           Power      Damage    Failure   Level
a - Slow                  Hex            16%        N/A       3%          2
b - Corona                Hex            17%        N/A       2%          1
x - Portal Projectile     Hex/Tloc       16%        N/A       24%         3

Your spell library contained the following spells:

 Spells                   Type           Power      Damage    Failure   Level
 Inner Flame              Hex/Fire       8%         N/A       24%         3
 Cause Fear               Hex            8%         N/A       24%         4
 Sandblast                Erth           0%         2d4       28%         1
 Passwall                 Tmut/Erth      0%         N/A       38%         2
 Call Canine Familiar     Summ           0%         N/A       63%         3
 Gell's Gravitas          Tloc           0%         N/A       63%         3
 Teleport Other           Tloc           0%         N/A       63%         3
 Leda's Liquefaction      Hex/Erth       4%         N/A       63%         4
 Freezing Cloud           Conj/Ice/Air   0%         6-21      100%        5
 Lee's Rapid Deconstruct  Erth           0%         3d5*      100%        5
 Summon Forest            Summ/Tloc      0%         N/A       100%        5
 Dispersal                Tloc           0%         N/A       100%        6
 Eringya's Noxious Bog    Tmut/Pois      0%         N/A       100%        6
 Simulacrum               Ice/Necr       0%         N/A       100%        6
 Summon Hydra             Summ           0%         N/A       100%        7
 Polar Vortex             Ice            0%         N/A       100%        9


Dungeon Overview and Level Annotations

Branches:
Dungeon (12/15)            Temple (1/1) D:4            Lair (1/6) D:11
    Orc (0/2) D:12          Sewer (visited)         Ossuary (visited)
 Bailey (visited)           IceCv (1/1)

Altars:
Ashenzari
Cheibriados
Dithmenos
Elyvilon
Fedhas
Gozag
Hepliaklqana
Kikubaaqudgha
Makhleb
Nemelex Xobeh
Okawaru
Qazlal
Ru
Sif Muna
Trog
Uskayaw
Vehumet
Wu Jian
Xom
Yredelemnul
Zin
The Shining One
Beogh

Annotations:
D:5 2 runed translucent doors


Innate Abilities, Weirdness & Mutations

You are too large for most types of armour.
You have claws for hands.
Your natural rate of healing is unusually fast.
You are covered in fur. (AC +1)
You have tough skin. (AC +1)


Message History

The sling bullet hits the polar bear simulacrum!
The polar bear simulacrum is almost destroyed.
The death yak simulacrum gores you! The death yak simulacrum freezes you!
You gain the combat prowess of a mighty hero.
The death yak simulacrum gores you but does no damage.
The polar bear simulacrum misses you.
The polar bear simulacrum claws you but does no damage. x2
Press: ? - help, v - describe, . - travel
Here: a death yak simulacrum (moderately damaged, slow)
The floor.
The polar bear simulacrum bites you but does no damage.
The polar bear simulacrum barely misses you.
The polar bear simulacrum claws you but does no damage.
The death yak simulacrum gores you! The death yak simulacrum freezes you!!
Fire: 65 sling bullets
Press: ? - help, Q - select action, (/) - cycle Shift-Dir - straight line, f/p - polar bear simulacrum
Aim: a polar bear simulacrum (almost destroyed, 90% to hit)
You shoot a sling bullet.
The sling bullet hits the polar bear simulacrum.
The polar bear simulacrum vaporises!
Okawaru accepts your kill. The death yak simulacrum gores you!!
The death yak simulacrum freezes you!!!
* * * LOW HITPOINT WARNING * * *
Enter note: - holy shit
Okay, then.
Do you really want to go berserk while wielding your +5 hunting sling?
Okay, then.
Okay, then.
Enter note: - i'm about die right
Press: ? - help, v - describe, . - travel
Here: a death yak simulacrum (moderately damaged)
The floor.
Enter note: - dammit Do you really want to go berserk while wielding your +5 hunting sling?
A red film seems to cover your vision as you go berserk!
You feel yourself moving faster!
You feel mighty! The death yak simulacrum gores you!
* * * LOW HITPOINT WARNING * * *
The death yak simulacrum freezes you!
You die...

#########
#....Z..#
#...∩.Z@#
#.....Z.#
#....(..#
#...((..#
##..(..##
##.(.##
##(## ...
... ...


Z..ZZ You could see 3 death yak simulacra.

Vanquished Creatures
  2 boulder beetles (D:12)
  Harold (D:11)
  A hydra (Lair:1)
  A centaur warrior (D:11)
  A two-headed ogre (D:11)
  Urug (D:12)
  Pikel (D:7)
  2 orc knights (Bailey)
  Joseph (D:7)
  A gargoyle (D:11)
  A kobold demonologist (D:10)
  2 trolls (D:10)
  5 slime creatures (D:12)
  Prince Ribbit (D:9)
  A hornet (D:10)
  2 vampires
  A wyvern (D:5)
  4 wraiths
  A yak (D:10)
  4 vampire mosquitoes
  Eustachio (D:4)
  Menkaure (D:4)
  2 water moccasins
  2 acid dragons
  3 ice beasts
  A sky beast (D:6)
  9 orc warriors
  A necrophage (D:4)
  3 wolves (Lair:1)
  2 ogres
  7 centaurs
  2 kobold brigands (D:9)
  2 bullfrogs (Sewer)
  4 scorpions
  A cane toad simulacrum (Lair:1)
  2 gnoll sergeants (D:6)
  A water moccasin zombie (Ossuary)
  10 killer bees
  8 wights
  An electric eel (D:11)
  2 howler monkeys
  2 bullfrog zombies
  4 hounds
  Crazy Yiuf (D:4)
  3 centaur zombies
  A jelly (D:6)
  8 orc priests
  3 iguanas
  A scorpion zombie (D:5)
  5 orc wizards
  A polar bear simulacrum (IceCv)
  2 hound skeletons
  3 mummies
  A howler monkey zombie (D:9)
  16 gnolls
  12 adders
  2 shadow imps
  A white imp (D:5)
  2 ufetubi
  5 adder zombies (Ossuary)
  A worm (D:2)
  3 dart slugs
  29 orcs
  3 bats
  5 endoplasms
  7 giant cockroaches
  5 gnoll zombies (Ossuary)
  15 goblins
  6 hobgoblins
  8 jackals
  26 kobolds
  10 quokkas
  8 ball pythons
  10 frilled lizards
  4 hobgoblin zombies (Ossuary)
  4 kobold zombies (Ossuary)
  4 orc zombies (Ossuary)
  5 rats
325 creatures vanquished.

Vanquished Creatures (others)
  An orc wizard (D:4)
  A fungus (Lair:1)
2 creatures vanquished.

Grand Total: 327 creatures vanquished

Notes
Turn   | Place    | Note
-------+----------+-------------------------------------------
     0 | D:1      | grimtooth the Troll Arcane Marksman began the quest for the
                  | Orb.
     0 | D:1      | Reached XP level 1. HP: 18/18 MP: 1/1
   115 | D:1      | Reached skill level 1 in Unarmed Combat
   184 | D:1      | Reached XP level 2. HP: 25/26 MP: 2/2
  1397 | D:2      | Reached XP level 3. HP: 22/32 MP: 3/3
  1590 | D:2      | You fall into a shaft and drop 1 floor!
  1647 | D:3      | Reached skill level 2 in Unarmed Combat
  1676 | D:3      | Found an ancient bone altar of Kikubaaqudgha.
  1761 | D:3      | Found a glowing drain.
  1805 | Sewer    | Entered a sewer
  1900 | Sewer    | Reached XP level 4. HP: 40/40 MP: 4/4
  2004 | Sewer    | Noticed a bullfrog
  2013 | Sewer    | Killed a bullfrog
  2014 | Sewer    | Reached skill level 3 in Unarmed Combat
  2014 | Sewer    | Reached XP level 5. HP: 38/46 MP: 5/5
  2243 | D:2      | Reached skill level 4 in Unarmed Combat
  2391 | D:2      | Found a faded altar of an unknown god.
  2412 | D:2      | Reached XP level 6. HP: 54/54 MP: 6/6
  3415 | D:3      | Learned a level 2 spell: Slow
  3441 | D:4      | Noticed Eustachio
  3680 | D:4      | Killed Eustachio
  3681 | D:4      | Reached skill level 5 in Throwing
  3798 | D:4      | Reached skill level 5 in Unarmed Combat
  3861 | D:4      | Reached XP level 7. HP: 61/61 MP: 7/7
  3905 | D:4      | Found a staircase to the Ecumenical Temple.
  3925 | Temple   | Entered the Ecumenical Temple
  3963 | Temple   | Became a worshipper of Warmaster Okawaru
  4156 | D:4      | Noticed Menkaure
  4172 | D:4      | Killed Menkaure
  4173 | D:4      | Reached skill level 6 in Unarmed Combat
  4429 | D:4      | Found a runed translucent door.
  4430 | D:4      | Noticed Crazy Yiuf
  4648 | D:5      | Entered Level 5 of the Dungeon
  4689 | D:5      | Noticed a wyvern
  4698 | D:5      | Killed a wyvern
  4698 | D:5      | Reached * piety under Okawaru
  4699 | D:5      | Reached skill level 1 in Invocations
  4699 | D:5      | Reached XP level 8. HP: 55/68 MP: 8/8
  4804 | D:5      | Reached skill level 7 in Unarmed Combat
  4894 | D:5      | Found a sand-covered staircase.
  4912 | Ossuary  | Entered an ossuary
  5261 | D:5      | Found a runed translucent door.
  5264 | D:5      | Found a runed translucent door.
  5510 | D:5      | Reached ** piety under Okawaru
  5511 | D:5      | Reached skill level 8 in Unarmed Combat
  6185 | D:6      | Reached XP level 9. HP: 75/75 MP: 10/10
  6262 | D:6      | Reached skill level 9 in Unarmed Combat
  6605 | D:6      | Reached skill level 5 in Invocations
  7084 | D:7      | Noticed Pikel
  7129 | D:7      | Killed Pikel
  7129 | D:7      | Reached *** piety under Okawaru
  7184 | D:7      | Noticed Joseph
  7192 | D:7      | Killed Joseph
  7702 | D:8      | Reached **** piety under Okawaru
  7703 | D:8      | Reached skill level 5 in Hexes
  7703 | D:8      | Reached XP level 10. HP: 83/83 MP: 11/13
  7788 | D:8      | You fall into a shaft and drop 1 floor!
  8382 | D:9      | - of course itll be the last place I try
  8415 | D:9      | Reached skill level 1 in Fighting
  8454 | D:9      | Found a flagged portal.
  8468 | D:9      | - yay
  8470 | Bailey   | Entered a bailey
  8476 | Bailey   | Noticed an orc knight
  8663 | Bailey   | Noticed an orc knight
  8881 | Bailey   | Killed an orc knight
  8882 | Bailey   | Reached skill level 1 in Shields
  9087 | Bailey   | Killed an orc knight
  9087 | Bailey   | Reached ***** piety under Okawaru
  9243 | D:9      | Noticed Prince Ribbit
  9255 | D:9      | Killed Prince Ribbit
  9384 | D:9      | Received a gift from Okawaru
 10109 | D:4      | Killed Crazy Yiuf
 10530 | D:10     | Entered Level 10 of the Dungeon
 10893 | D:10     | Identified the +7 dagger "Nyedghanu" {pain, rN+ Int-2
                  | Stlth+}
 10968 | D:10     | Reached skill level 5 in Fighting
 11053 | D:10     | Reached XP level 11. HP: 57/104 MP: 7/14
 11314 | D:10     | Found a shimmering altar of Xom.
 11480 | D:10     | Received a gift from Okawaru
 11556 | D:10     | Found the +0 staff of Battle
 11708 | D:11     | Noticed a two-headed ogre
 11717 | D:11     | Killed a two-headed ogre
 11776 | D:11     | Noticed Harold
 11819 | D:11     | Reached skill level 5 in Shields
 11873 | D:11     | Killed Harold
 11873 | D:11     | Received a gift from Okawaru
 11900 | D:11     | Learned a level 3 spell: Portal Projectile
 11914 | D:11     | Found a staircase to the Lair.
 12326 | D:11     | Noticed a centaur warrior
 12342 | D:11     | Killed a centaur warrior
 12342 | D:11     | Received a gift from Okawaru
 12603 | D:12     | Noticed a boulder beetle
 12616 | D:12     | Killed a boulder beetle
 12651 | D:12     | Found a staircase to the Orcish Mines.
 12814 | D:12     | Noticed a boulder beetle
 12827 | D:12     | Killed a boulder beetle
 12991 | D:12     | Noticed Urug
 13008 | D:12     | Killed Urug
 13009 | D:12     | Reached skill level 10 in Unarmed Combat
 13050 | D:12     | Received a gift from Okawaru
 13284 | D:12     | Reached XP level 12. HP: 118/118 MP: 13/15
 13694 | Lair:1   | Entered Level 1 of the Lair of Beasts
 13756 | Lair:1   | Noticed a five-headed hydra
 13766 | Lair:1   | Killed a five-headed hydra
 13766 | Lair:1   | Received a gift from Okawaru
 13824 | Lair:1   | Found a frozen archway.
 13860 | IceCv    | Entered an ice cave
 13880 | IceCv    | - holy shit
 13880 | IceCv    | - i'm about die right
 13880 | IceCv    | - dammit
 13880 | IceCv    | HP: 5/178 [death yak simulacrum (14)]
 13880 | IceCv    | Mangled by a death yak simulacrum

Illustrated notes

#..# ....# ### {..).#
###(## (.....# ###..(.#
.......## ###......#
........## ##.....)..#
.........####......(..##
.......@..##...(.)....##
.........#.#.)........#.
........###...^.).......
.......## ##..........#.
.....## #.<.......###
....# #........## .###
#.....<.## ##....#..##
#..####.(## ##.## ##..##
######### #..# ##..#


Turn 8382 on D:9: - of course itll be the last place I try ##### #....#####
#........# #..≈≈≈≈≈.# #.# #..≈.>.≈.# ..#. #..≈.∩@≈.# ..#.. #..≈.((≈.##.....
....≈≈≈≈≈.#...... .................. .................. ..................
.................. ................. ................ ...........##...
.......#...# #.. Turn 8468 on D:9: - yay ######### #....Z..# #...∩.Z@# #.....Z.#
#....(..# #...((..# ##..(..## ##.(.## ##(## ... ... ... Z..ZZ Turn 13880 on
IceCv: - holy shit

Levels and vault maps discovered:
D:1:      dpeg_arrival_round_a, layout_basic, minmay_box_of_dots
D:2:      layout_loops_cross, hellmonk_ecumenical_altar_pennies_from_heaven
D:3:      layout_basic, nicolae_overflow_crystal_walls, portal_sewer_entry_f,
          due_unseen_surprise
D:4:      layout_loops_ring, minmay_temple_entry_slanted, uniq_menkaure,
          uniq_crazy_yiuf_cottage, uniq_eustachio
D:5:      lemuel_insect_pit, layout_loops_cross, gup_ossuary_entry_pyramid,
          minivault_5
D:6:      layout_loops_ring
D:7:      layout_gridville, uniq_joseph, uniq_pikel
D:8:      layout_rooms, serial_shops, kennysheep_mini_moat
D:9:      layout_cave_pods, enter_bailey_5, uniq_prince_ribbit1
D:10:     layout_long_grid, kennysheep_diamond, minmay_increasing_density
D:11:     layout_rooms, lair_entry_dummy, nicolae_lava_and_water, uniq_harold
D:12:     layout_basic, minmay_orc_entry_temple_small, uniq_urug
Temple:   kilobyte_greek_temple
Lair:1:   layout_regular_city, portal_ice_cave_entry_ice_simulacra
IceCv:    ice_cave_statue_garden_chambered

Skill      XL: |  1  2  3  4  5  6  7  8  9 10 11 |
---------------+----------------------------------+-----
Throwing       | 2 3 4 5 6 |  6.0
Unarmed Combat | 1 2 3 4 5 6 8 9 10 | 10.6
Invocations    | 1 3 6 |  6.0
Hexes          | 5 6 |  6.0
Fighting       | 5 7 |  7.8
Shields        | 3 6 |  6.0
Dodging        | |  1.5
Spellcasting   | |  1.0

Action                   |  1- 3 |  4- 6 |  7- 9 | 10-12 || total
-------------------------+-------+-------+-------+-------++-------
Melee: Unarmed           |   107 |   108 |   265 |   418 ||   898
       Punch             |       |     1 |    10 |    21 ||    32
 Fire: Hunting sling     |       |    17 |   187 |   179 ||   383
Throw: Stone             |    20 |    37 |       |       ||    57
       Dart              |     6 |    23 |    51 |    28 ||   108
 Cast: Corona            |     1 |       |       |       ||     1
       Slow              |       |     3 |     2 |    61 ||    66
Invok: Heroism           |       |       |     2 |    18 ||    20
Evoke: Wand              |       |       |       |     3 ||     3
  Use: Potion            |       |     1 |       |     5 ||     6
       Scroll            |       |       |     9 |     5 ||    14
 Stab: Sleeping          |       |       |     1 |       ||     1
       Distracted        |       |       |       |     1 ||     1
Armor: Robe              |    32 |    33 |    76 |   176 ||   317
       Skin              |       |       |       |     1 ||     1
Dodge: Dodged            |    55 |    54 |   125 |   198 ||   432
